AoeStats
← Bambamdumm

Arena

506795395Analyzed
1v1 RM · 18d ago on Sep 15, 2026· 28m 37s· 2 players
Game mode
Random Map
Map size
Tiny (2 player)
Population
200
Speed
Normal
Resources
Standard
Victory
Conquest
Starting age
Dark Age
Ending age
Imperial Age
RankedLock teamsTeams togetherTeam positionsShared explorationLock speedFull tech treeHidden civsTurbo modeCheats
Victory
Defeat
🇦🇷 Bohemians · Argentina
1295
+17
🇩🇪 Khmer · Germany
1307
-17
[ESTG] Mauzinga
8:16 Loom
10:14 Feudal Age
14:47 Castle Age
14:57 Double-Bit Axe
17:03 Fervor
21:36 Redemption
27:12 Imperial Age
25:51 Sanctity
26:58 Chemistry
27:14 Horse Collar
Bambamdumm
10:47 Feudal Age
13:27 Castle Age
11:29 Double-Bit Axe
12:02 Horse Collar
14:24 Bow Saw
22:10 Heavy Plow
25:06 Redemption
25:18 Husbandry
25:28 Bloodlines
25:41 Devotion
28:33 Imperial Age
27:25 Light Cavalry
Connection lost

Rejoining the realm…

Still unreachable

The connection could not be restored.

Session expired

The server has moved on; the page needs a fresh start.